 Dungeon Crawl Stone Soup version 0.27.1-33-g824d729ab1 (webtiles) character file.

Game seed: 4505817731048642001

37 pkoi the Ruffian (level 3, -5/29 HPs)
             Began as a Draconian Gladiator on Nov 30, 2021.
             Was an Initiate of Hepliaklqana.
             Slain by a gnoll (8 damage)
             ... on level 1 of the Dungeon.
             The game lasted 00:01:21 (2017 turns).

pkoi the Ruffian (Draconian Gladiator)              Turns: 2017, Time: 00:01:21

Health: -5/29      AC:  5    Str: 16    XL:     3   Next: 21%
Magic:  12/12      EV: 12    Int:  9    God:    Hepliaklqana [......]
Gold:   40         SH:  0    Dex: 12    Spells: 2/2 levels left

rFire    . . .     SeeInvis .     - Unarmed
rCold    . . .     Faith    .   (no shield)
rNeg     . . .     Spirit   .   (armour unavailable)
rPois    .         Reflect  .   a - +0 hat
rElec    .         Harm     .   (no cloak)
rCorr    .         Rampage  .   (no gloves)
Will     .....                  (no boots)
Stlth    +.........             (no amulet)
HPRegen  0.09/turn              g - ring of magical power
MPRegen  0.13/turn              (no ring)

@: no status effects
A: AC +5, unfitting armour, cold-blooded
a: Renounce Religion


You were on level 1 of the Dungeon.
You worshipped Hepliaklqana.
Hepliaklqana was noncommittal.
You visited 1 branch of the dungeon, and saw 2 of its levels.

You collected 40 gold pieces.

Inventory:

Missiles
 b - 3 throwing nets (quivered)
Armour
 a - a +0 hat (worn)
Jewellery
 g - a ring of magical power (left hand)
Scrolls
 c - 2 scrolls of identify {unknown}
 d - 2 scrolls of noise {unknown}
 f - a scroll of enchant armour {unknown}
 h - a scroll of amnesia {unknown}
Potions
 e - a potion of might {unknown}


   Skills:
 - Level 2.1 Fighting
 - Level 1.7 Throwing
 - Level 2.6 Dodging
 + Level 4.3 Unarmed Combat


You had 2 spell levels left.
You didn't know any spells.
Your spell library contained the following spells:

 Spells                   Type           Power      Damage    Failure   Level
 Apportation              Tloc           0%         N/A       38%         1
 Alistair's Intoxication  Tmut/Pois      0%         N/A       100%        5
 Invisibility             Hex            0%         N/A       100%        6


Dungeon Overview and Level Annotations

Branches:
Dungeon (2/15)

Altars:
Hepliaklqana

Shops:
D:1 *


Innate Abilities, Weirdness & Mutations

Your plain brown scales are hard. (AC +5)
You cannot fit into any form of body armour.
You are cold-blooded and may be slowed by cold attacks.


Message History

You hit the gnoll but do no damage. The gnoll barely misses you.
You hit the gnoll.
The gnoll is moderately wounded.
The gnoll hits you with a +0 flail.
The gnoll hits you from afar with a +0 spear!
The gnoll hits you with a +0 whip.
* * * LOW HITPOINT WARNING * * *
You are too injured to fight recklessly!
You are too injured to fight recklessly!
You are too injured to fight recklessly!
You are too injured to fight recklessly!
You are too injured to fight recklessly!
You are too injured to fight recklessly!
You are too injured to fight recklessly!
You are too injured to fight recklessly!
You are too injured to fight recklessly!
You are too injured to fight recklessly!
You are too injured to fight recklessly!
You are too injured to fight recklessly!
You are too injured to fight recklessly!
You are too injured to fight recklessly!
You are too injured to fight recklessly!
Unknown command.
A gnoll comes into view. It is wielding a +0 club.
There is a stone staircase leading down here.
There is an escape hatch in the ceiling here.
The gnoll hits you with a +0 whip!
* * * LOW HITPOINT WARNING * * *
A mysterious force pulls you upwards. The hatch slams shut behind you.
You punch the gnoll!
The gnoll is severely wounded.
The gnoll barely misses you.
You barely miss the gnoll.
The gnoll is severely wounded.
The gnoll hits you with a +0 whip.
* * * LOW HITPOINT WARNING * * *
You hit the gnoll but do no damage.
The gnoll is severely wounded.
The gnoll hits you with a +0 whip!
You die...

#.........>...............
#.######################.#
#.# ###.########..)......#
#.# #...#......#.#########
#.# #.#.#.####.#.# #.#
#.#.#.# #.#.# #.#
#.#.#.####.#.# #.#
#.#.#......#.# ####### #.#
#.#.#@######.# #...>.. #.#
#.#.#.g).....# #...... #.#
#.#.#.######## #...... #.#
#.....# #...... #.#
###.######### #...... #.#
#...†.....####......
#.#############...........
#.........................
###############......#####


You could see a gnoll.

Vanquished Creatures
  A worm (D:2)
  7 endoplasms
  3 giant cockroaches (D:1)
  A hobgoblin (D:1)
  2 quokkas
  6 ball pythons (D:1)
  4 bats (D:1)
  2 frilled lizards (D:1)
  2 kobolds (D:1)
  4 rats (D:1)
32 creatures vanquished.

Notes
Turn   | Place    | Note
-------+----------+-------------------------------------------
     0 | D:1      | pkoi the Draconian Gladiator began the quest for the Orb.
     0 | D:1      | Reached XP level 1. HP: 17/17 MP: 1/1
   199 | D:1      | Found a faded altar of an unknown god.
   317 | D:1      | Found Keicao's General Store.
   382 | D:1      | Reached XP level 2. HP: 21/24 MP: 2/2
   781 | D:1      | Reached skill level 4 in Unarmed Combat
  1461 | D:2      | Reached XP level 3. HP: 29/29 MP: 3/3
  1699 | D:2      | Found a hazy altar of Hepliaklqana.
  1742 | D:2      | Became a worshipper of Hepliaklqana the Forgotten
  2017 | D:1      | Slain by a gnoll

Illustrated notes

Levels and vault maps discovered:
D:1:      dpeg_arrival_ternary, layout_basic, ebering_ecumenical_altar_box,
          serial_shops, shop
D:2:      layout_loops_corners, basic_altar, minmay_rat_hole

Skill      XL: |  1  2 |
---------------+-------+-----
Unarmed Combat | 4 |  4.3
Fighting       | |  2.1
Throwing       | |  1.7
Dodging        | |  2.6

Action                   || total
-------------------------++-------
Melee: Unarmed           ||   102
       Tailslap          ||    10
       Punch             ||     1
 Stab: Sleeping          ||     1
Armor: Skin              ||    21
Dodge: Dodged            ||    68
